 Dungeon Crawl Stone Soup version 0.13-a0-2301-g23820b6 (webtiles) character file.

99 M4edhros the Sneak (level 4, -1/29 HPs)
             Began as an Octopode Artificer on July 8, 2013.
             Slain by an adder (2 damage)
             ... on Level 2 of the Dungeon.
             The game lasted 00:01:20 (1146 turns).

M4edhros the Sneak (Octopode Artificer)             Turns: 1146, Time: 00:01:20

HP  -1/29        AC  1     Str 10      XL: 4   Next:  1%
MP   6/6         EV 12     Int 20      God:
Gold 41          SH  0     Dex 12      Spells:  0 memorised,  3 levels left

Res.Fire  : . . .   See Invis. : .   a - +0 short sword
Res.Cold  : . . .   Warding    : .   (no shield)
Life Prot.: . . .   Conserve   : .   (helmet restricted)
Res.Poison: .       Res.Corr.  : .   (no amulet)
Res.Elec. : .       Clarity    : .   (no ring)
Sust.Abil.: . .     Spirit.Shd : .   (no ring)
Res.Mut.  : .       Stasis     : .   (no ring)
Res.Rott. : .       Flight     : .   (no ring)
Saprovore : . . .                    (no ring)
                                     (no ring)
                                     (no ring)
                                     (no ring)

@: brilliant, mildly poisoned, slightly resistant to hostile enchantments, very
stealthy
A: almost no armour, amphibious, 8 rings, constrict 8, camouflage 1, AC +1
a: no special abilities


You were on level 2 of the Dungeon.
You were hungry.

You visited 1 branch of the dungeon, and saw 2 of its levels.

You collected 21 gold pieces.

Inventory:

Hand weapons
 a - a +0,+0 short sword (weapon)
Magical devices
 b - a wand of flame (15)
 c - a wand of enslavement (14)
 d - a wand of random effects (15)
Comestibles
 f - a bread ration
Scrolls
 e - a scroll of fog {unknown}
 h - 2 scrolls of identify {unknown}
 k - a scroll of enchant armour {unknown}
 l - 2 scrolls of curse armour {unknown}
Potions
 j - a potion of brilliance


   Skills:
 - Level 1.0 Fighting
 + Level 1.9 Short Blades
 - Level 2.0 Dodging
 * Level 4.7 Stealth
 - Level 2.1 Traps
 - Level 3.2 Evocations


You had 3 spell levels left.
You didn't know any spells.

Dungeon Overview and Level Annotations

Branches:
Dungeon (2/27)

Altars:


Innate Abilities, Weirdness & Mutations

You cannot wear most types of armour.
You are amphibious.
You can wear up to eight rings at the same time.
You can use your tentacles to constrict many enemies at once.
Your skin changes colour to match your surroundings (Stlth).
Your rubbery body absorbs attacks (AC +1).


Message History

You release your grip on the adder.
The bat barely misses you.
* * * LOW HITPOINT WARNING * * *
You feel sick. The bat barely misses you.
There is an open door here.
Drink which item? (? for menu, Esc to quit)
You feel refreshed.
It was a potion of restore abilities.
The bat hits you.
* * * LOW HITPOINT WARNING * * *
The bat closely misses you. The adder bites you but does no damage.
The adder bites you.
* * * LOW HITPOINT WARNING * * *
You are more poisoned.
The adder poisons you!
You are too injured to fight recklessly!
Evoke which item? (* to show all) (? for menu, Esc to quit)
Zapping:
c - a wand of enslavement (15)
Press: ? - help, Shift-Dir - straight line, f - bat
Aim: a bat The bat is charmed.
This wand has 14 charges left.
Your bat closely misses the adder.
The adder bites you.
You die...

#####+## #.### #.......#
#.# #.......#
##'######## #.......#
#...).....# #.......#
#.........# +.......#
#.........+
#.......######.........#
#.......#b...'.........#
#......gS@####.........
#.......### #########
#########


You could see an adder, a goblin and a friendly bat.

Vanquished Creatures
  An adder (D:2)
  An inept feature mimic (D:2)
  4 giant geckos
  A ball python (D:2)
  3 bats (D:1)
  A giant cockroach (D:1)
  6 goblins
  3 hobgoblins (D:1)
  5 jackals
  4 kobolds
  2 giant newts (D:1)
  5 rats (D:1)
36 creatures vanquished.

Notes
Turn   | Place    | Note
--------------------------------------------------------------
     0 | D:1      | M4edhros, the Octopode Artificer, began the quest for the Orb.
     0 | D:1      | Reached XP level 1. HP: 14/14 MP: 1/1
   111 | D:1      | Reached XP level 2. HP: 16/19 MP: 3/3
   675 | D:1      | Reached XP level 3. HP: 15/24 MP: 4/4
   910 | D:2      | Reached skill level 4 in Stealth
  1102 | D:2      | Reached XP level 4. HP: 20/29 MP: 6/6
  1144 | D:2      | HP: 1/29 [adder (3)]
  1146 | D:2      | Slain by an adder

Action                   |  1- 3 |  4- 6 || total
-------------------------+-------+-------++-------
Melee: Short sword       |    75 |     7 ||    82
Evoke: Wand              |       |     1 ||     1
  Use: Potion            |     1 |     2 ||     3
 Stab: Sleeping          |     8 |       ||     8
